 Dungeon Crawl Stone Soup version 0.27-a0-1119-gbf574a6a6b (webtiles) character file.

Game seed: 2383790514799977851

42 wakim the Shield-Bearer (level 3, -2/19 HPs)
             Began as a Vine Stalker Fighter on May 2, 2021.
             Slain by a hobgoblin (3 damage)
             ... on level 2 of the Dungeon.
             The game lasted 00:04:44 (1398 turns).

wakim the Shield-Bearer (Vine Stalker Fighter)      Turns: 1398, Time: 00:04:45

Health: -2/19      AC:  3    Str: 18    XL:     3   Next: 54%
Magic:  0/4        EV:  8    Int:  8    God:
Gold:   67         SH:  9    Dex: 14    Spells: 2/2 levels left

rFire    . . .     SeeInvis +   b - +0 dagger (vamp)
rCold    . . .     Faith    .   c - +0 kite shield
rNeg     . . .     Spirit   +   k - +0 leather armour
rPois    .         Reflect  .   (no helmet)
rElec    .         Harm     .   (no cloak)
rCorr    .         Rampage  .   (no gloves)
Will     .....                  (no boots)
Stlth    ++........             (no amulet)
HPRegen  0.06/turn              i - +4 ring of slaying
MPRegen  0.09/turn              g - ring of see invisible

@: mighty, slowed, very slow
A: fangs 2, magic shield, antimagic bite, no potion heal 2
a: no special abilities


You were on level 2 of the Dungeon.
You visited 1 branch of the dungeon, and saw 2 of its levels.

You collected 67 gold pieces.

Inventory:

Hand Weapons
 a - a +0 rapier
 b - a +0 vampiric dagger (weapon)
Armour
 c - a +0 kite shield (worn)
 k - a +0 leather armour (worn)
Jewellery
 g - a ring of see invisible (right hand)
 i - a +4 ring of slaying (left hand)
Potions
 d - a potion of lignification {unknown}
 e - a potion of resistance {unknown}
 F - 2 potions of curing


   Skills:
 + Level 2.8 Fighting
 * Level 2.4 Short Blades
 - Level 2.4 Armour
 + Level 0.5 Dodging
 * Level 2.0 Stealth
 + Level 2.9 Shields


You had 2 spell levels left.
You didn't know any spells.
Your spell library was empty.

Dungeon Overview and Level Annotations

Branches:
Dungeon (2/15)

Altars:

Annotations:
D:2 Natasha


Innate Abilities, Weirdness & Mutations

You have extremely sharp teeth.
When hurt, damage is shared between your health and your magic reserves.
Your bite disrupts and absorbs the magic of your enemies.
Potions cannot restore your health.


Message History

You puncture the adder!
You feel better.
Your bite misses the adder.
The adder is heavily wounded.
The adder barely misses you. The adder closely misses you.
You block the adder's attack.
You puncture the adder!
You kill the adder!
The shadow imp laughs crazily.
The shadow imp hits you.
Your Stealth skill increases to level 2!
You puncture the shadow imp!
The shadow imp is severely wounded.
The shadow imp hits you. x2
* * * LOW HITPOINT WARNING * * *
You puncture the shadow imp!
You kill the shadow imp!
Natasha stares at you and mumbles some strange words.
The magic dart hits you.
* * * LOW HITPOINT WARNING * * *
Natasha mumbles some strange words.
The hobgoblin barely misses you.
Natasha wildly gestures.
You feel disoriented. You block the hobgoblin's attack. Natasha claws you!
* * * LOW HITPOINT WARNING * * *
You have no ailments to cure.
You puncture Natasha!
You feel better.
Natasha is severely wounded.
The hobgoblin closely misses you. Natasha claws you.
* * * LOW HITPOINT WARNING * * *
The hobgoblin hits you.
* * * LOW HITPOINT WARNING * * *
You hit Natasha.
You feel better.
Natasha is almost dead.
You block Natasha's attack.
The hobgoblin hits you but does no damage.
Natasha claws you.
* * * LOW HITPOINT WARNING * * *
The hobgoblin hits you.
You die...

....# ##..........## ....#
##.........######### ....##
##..####..###.......#
.....########..######.# #.......#
......................###.......#
....#.#######....................
....#.#**###...........##......##
....#.#*.........g>..#.##.....#.#
....#.#*#.###...@h5..#.##.....##.
....#.# #.######.###.#.##......#)
...##.# *..#.........†..#####.##.
..###.# *#.#........##..# #.#.#
### #.# #.#........##..## #..##
#.####.#........###..## ##...
#...............# #...##*..##
#####...........####...##.###
##..........#............


You could see Natasha, a shadow imp (summoned) and a hobgoblin.

Vanquished Creatures
  An adder (D:2)
  2 dart slugs
  4 ball pythons
  3 bats
  3 endoplasms
  3 giant cockroaches
  A goblin (D:1)
  2 hobgoblins (D:1)
  3 jackals (D:1)
  A kobold (D:1)
  A rat (D:1)
24 creatures vanquished.

Notes
Turn   | Place    | Note
-------+----------+-------------------------------------------
     0 | D:1      | wakim the Vine Stalker Fighter began the quest for the Orb.
     0 | D:1      | Reached XP level 1. HP: 11/11 MP: 2/2
   274 | D:1      | Reached skill level 1 in Stealth
   274 | D:1      | Reached XP level 2. HP: 16/16 MP: 1/3
   927 | D:1      | Reached XP level 3. HP: 7/19 MP: 4/4
  1168 | D:2      | Noticed Natasha
  1398 | D:2      | Slain by a hobgoblin

Illustrated notes

Levels and vault maps discovered:
D:1:      mushboom_english_gardens, layout_basic, minivault_27,
          kennysheep_crisscross
D:2:      layout_rooms, minmay_heptomino_d4, uniq_natasha

Skill      XL: |  1  2  3 |
---------------+----------+-----
Stealth        | 1 2 |  2.0
Short Blades   | 2 |  2.4
Fighting       | |  2.8
Armour         | |  2.4
Dodging        | |  0.5
Shields        | |  2.9

Action                   || total
-------------------------++-------
Melee: Dagger            ||    53
       Rapier            ||     3
       Bite              ||    15
  Use: Scroll            ||     3
       Potion            ||     1
 Stab: Distracted        ||     1
Armor: Scale mail        ||    32
       Leather armour    ||     4
Dodge: Dodged            ||    27
Block: Kite shield       ||    27

Table legend: (Time is in decaauts)
 A = Elapsed time spent in this place.
 B = Non-inter-level travel time spent in this place.
 C = Inter-level travel time spent in this place.
 D = Time resting spent in this place.
 E = Time spent auto-exploring this place.
 F = Levels seen in this place.
 G = Mean time per level.
                   A        B        C        D        E       F      G
               +--------+--------+--------+--------+--------+-----+--------+
         Total |   1413 |   1318 |     95 |      0 |   1020 |   2 |  706.5 |
       Dungeon |   1413 |   1318 |     95 |      0 |   1020 |   2 |  706.5 |
               +--------+--------+--------+--------+--------+-----+--------+

Top non-repeatable levels by time:
     D:1: 1174 daAuts
     D:2: 239 daAuts
